 Dungeon Crawl Stone Soup version 0.19.5 (webtiles) character file.

553 Jerry the Chopper (level 7, -2/62 HPs)
             Began as a Hill Orc Fighter on Mar 29, 2017.
             Killed by nerve-wracking pain
             ... invoked by an orc priest
              (4 damage)
             ... on level 4 of the Dungeon.
             The game lasted 00:07:08 (2653 turns).

Jerry the Chopper (Hill Orc Fighter)                Turns: 2653, Time: 00:07:08

Health: -2/62      AC: 13    Str: 19    XL:     7   Next: 29%
Magic:  7/7        EV:  7    Int:  8    God:
Gold:   105        SH:  0    Dex: 10    Spells: 0 memorised, 6 levels left

rFire  . . .     SeeInvis .     C - +4 war axe
rCold  . . .     Gourm    +     e - +0 chain mail
rNeg   + . .     Faith    .     (no shield)
rPois  .         Spirit   .     u - +1 helmet
rElec  .         Reflect  .     m - +0 cloak
rCorr  .         Harm     .     (no gloves)
MR     .....                    (no boots)
Stlth  ..........               p - amulet of the gourmand
                                v - -2 ring of strength (curse)
                                j - ring of positive energy

@: no status effects
A: no striking features
a: Convert to Beogh


You were on level 4 of the Dungeon.
You were completely stuffed.

You visited 1 branch of the dungeon, and saw 4 of its levels.

You collected 105 gold pieces.

Inventory:

Hand Weapons
 i - a +2 flail of crushing
 C - a +4 war axe (weapon)
Armour
 b - a +0 scale mail
 c - a +0 shield
 e - a +0 chain mail (worn)
 m - a +0 cloak (worn)
 u - a +1 helmet (worn)
Jewellery
 j - a ring of positive energy (left hand)
 l - a +2 amulet of reflection
 p - an amulet of the gourmand (around neck)
 v - a cursed -2 ring of strength (right hand)
Scrolls
 t - a scroll of remove curse {unknown}
 w - a scroll of random uselessness {unknown}
 y - a scroll of recharging {unknown}
 z - a scroll of noise {unknown}
 A - a scroll of enchant weapon {unknown}
 B - a scroll of identify
Potions
 d - a potion of might
 g - a potion of cancellation {unknown}
 h - a potion of ambrosia {unknown}
 k - 2 potions of curing {unknown}
 n - a potion of mutation {unknown}
 s - a potion of magic {unknown}
 x - 2 potions of resistance {unknown}
Comestibles
 a - 8 chunks of flesh
 f - 3 bread rations
 o - a slice of pizza
 q - a beef jerky
 r - 2 meat rations


   Skills:
 + Level 5.7 Fighting
 * Level 7.5 Axes
 + Level 5.2 Armour
 - Level 3.2 Shields


You had 6 spell levels left.
You didn't know any spells.

Dungeon Overview and Level Annotations

Branches:
Dungeon (4/15)
 Temple: D:4-7

Altars:

Portals:
Sewer: D:4


Message History

The ufetubus disappears in a puff of smoke!
Your Axes skill increases to level 7!
Your Armour skill increases to level 5!
You have reached level 7!
You closely miss the orc wizard. You barely miss the orc priest.
The orc priest shouts, "Beogh is our master!
Accept the truth or die!"
You hit the giant cockroach but do no damage.
The giant cockroach barely misses you. The orc wizard hits you with a dagger.
* * * LOW HITPOINT WARNING * * *
The giant cockroach bites you but does no damage.
The orc priest hits you but does no damage.
You slash the orc wizard!
You kill the orc wizard!
You slash the orc priest!
The orc priest shouts, "Beogh is our master!
Accept the truth or die!"
You barely miss the giant cockroach.
The orc priest shouts, "Beogh is our master!
Accept the truth or die!"
The giant cockroach bites you but does no damage.
The orc priest calls down the wrath of Beogh upon you.
Pain shoots through your body!
You die...

#.# ... .. ...o. #.#
.... #..## ..# #..#
##.#### #..##
####S....##
#...###...$......
##......)o)..##
#.......@s....#
#.#######)§...#
##.#≈≈r≈≈+......#
##..#≈≈≈≈≈#.......#
##...#≈≈∩≈s#........#
#..#.#≈≈≈≈≈#........#
##.#..#######.........
##.##..... ..........
##..##.#####


You could see an orc priest, an adder, an orc (wandering) and a giant cockroach.

Vanquished Creatures
  Eustachio (D:4)
  An ogre (D:4)
  An orc priest (D:3)
  2 orc wizards (D:4)
  Jessica (D:2)
  Natasha (thrice) (D:2)
  Terence (D:1)
  3 adders
  2 oozes
  A worm (D:2)
  4 dart slugs
  5 leopard geckos
  6 orcs
  10 bats
  3 giant cockroaches (D:1)
  5 goblins
  4 hobgoblins
  2 quokkas
  A ball python (D:1)
  4 frilled lizards
  7 kobolds
  7 rats
74 creatures vanquished.

Notes
Turn   | Place    | Note
-------+----------+-------------------------------------------
     0 | D:1      | Jerry the Hill Orc Fighter began the quest for the Orb.
     0 | D:1      | Reached XP level 1. HP: 19/19 MP: 1/1
    59 | D:1      | Reached skill level 3 in Axes
   178 | D:1      | Reached XP level 2. HP: 27/27 MP: 2/2
   460 | D:1      | Reached XP level 3. HP: 33/33 MP: 3/3
   719 | D:1      | Reached skill level 4 in Axes
   739 | D:2      | Noticed Jessica
   849 | D:2      | Killed Jessica
   849 | D:2      | Reached XP level 4. HP: 32/40 MP: 4/4
   983 | D:2      | Noticed Terence
  1122 | D:1      | Killed Terence
  1122 | D:1      | Reached skill level 5 in Axes
  1277 | D:2      | Noticed Natasha
  1286 | D:2      | Killed Natasha
  1286 | D:2      | Reached XP level 5. HP: 27/47 MP: 5/5
  1329 | D:2      | Noticed Natasha
  1336 | D:2      | Killed Natasha
  1719 | D:2      | Noticed Natasha
  1728 | D:2      | Killed Natasha
  1942 | D:3      | Reached skill level 5 in Fighting
  1942 | D:3      | Reached skill level 6 in Axes
  1942 | D:3      | Reached XP level 6. HP: 56/56 MP: 6/6
  2633 | D:4      | Found a glowing drain.
  2636 | D:4      | Noticed Eustachio
  2652 | D:4      | Killed Eustachio
  2652 | D:4      | Reached skill level 7 in Axes
  2652 | D:4      | Reached skill level 5 in Armour
  2652 | D:4      | Reached XP level 7. HP: 3/61 MP: 7/7
  2652 | D:4      | HP: 2/61 [orc wizard/dagger (1)]
  2653 | D:4      | Killed from afar by an orc priest

Skill      XL: |  1  2  3  4  5  6 |
---------------+-------------------+-----
Axes           | 3 4 5 6 7 |  7.5
Fighting       | 4 5 |  5.7
Armour         | 4 5 |  5.2
Shields        | |  3.2

Action                   |  1- 3 |  4- 6 |  7- 9 || total
-------------------------+-------+-------+-------++-------
Melee: War axe           |    78 |   134 |     1 ||   213
  Use: Scroll            |     2 |     3 |       ||     5
  Eat: Chunk             |       |    17 |       ||    17
Armor: Scale mail        |    55 |    43 |       ||    98
       Chain mail        |       |    29 |     3 ||    32
Dodge: Dodged            |    51 |    68 |     1 ||   120
Block: Other             |     7 |     9 |       ||    16
